 Dungeon Crawl Stone Soup version 0.31-a0-846-gb3bcc0d938 (webtiles) character file.

Game seed: 4050598142680011344

16052 Pooter the Severer (level 12, -7/168 HPs)
             Began as a Minotaur Berserker on Oct 2, 2023.
             Was an Elder of Trog.
             Mangled by an orc warlord
             ... wielding a +0 great sword
              (15 damage)
             ... on level 1 of the Orcish Mines on Oct 3, 2023.
             The game lasted 01:15:47 (13453 turns).

Pooter the Severer (Minotaur Berserker)            Turns: 13453, Time: 01:15:48

Health: -7/168     AC: 13    Str: 26    XL:     12   Next: 6%
Magic:  11/11      EV:  7    Int:  4    God:    Trog [****..]
Gold:   1541       SH:  0    Dex: 11    Spells: 11/11 levels left

rFire   + . .        a - +2 battleaxe
rCold   + . .        (shield currently unavailable)
rNeg    . . .        h - +0 plate armour
rPois   .            (helmet restricted)
rElec   .            A - scarf {rC+ rF+}
rCorr   +            o - +0 pair of gloves
SInv    +            c - +0 pair of boots
Will    ++...        L - amulet of the acrobat Stlth
                     S - ring of see invisible
HPRegen 1.48/turn    C - ring of resist corrosion
MPRegen 0.12/turn

%: acrobat
@: berserking, strong-willed (expiring), regenerating (expiring), very quick
A: horns 2, retaliatory headbutt
a: Renounce Religion, Berserk, Trog's Hand, Brothers in Arms


You were on level 1 of the Orcish Mines.
You worshipped Trog.
Trog was greatly pleased with you.
You visited 2 branches of the dungeon, and saw 12 of its levels.
You also visited: Ossuary and Bailey.

You collected 1981 gold pieces.
You spent 440 gold pieces at shops.

Inventory:

Hand Weapons
 a - a +2 battleaxe (weapon)
   (You took it off an orc warrior on level 9 of the Dungeon)
 b - a +0 arbalest
   (You took it off an orc warrior on level 9 of the Dungeon)
 e - a +0 broad axe
   (You found it on level 8 of the Dungeon)
 u - the +7 great mace "Undeadhunter" {deathbane, rN+}
   (You found it on level 9 of the Dungeon)

   rN+:       It protects you from negative energy.
 w - a +2 vampiric war axe
   (You took it off a goblin in a bailey)
 M - a +4 trident of draining
   (You took it off Jeremiah on level 7 of the Dungeon)
 U - a +1 war axe of flaming
   (You took it off an orc priest on level 9 of the Dungeon)
Missiles
 p - 3 throwing nets {!f}
 x - 2 curare-tipped darts
 y - 5 atropa-tipped darts
 z - 29 poisoned darts (quivered)
 I - 17 boomerangs
 Q - 91 stones
Armour
 c - a +0 pair of boots (worn)
   (You found it on level 1 of the Dungeon)
 h - a +0 plate armour (worn)
   (You took it off an orc warrior on level 9 of the Dungeon)
 l - a +1 chain mail
   (You took it off Terence on level 2 of the Dungeon)
 o - a +0 pair of gloves (worn)
   (You found it on level 3 of the Dungeon)
 A - a scarf of resistance (worn)
   (You found it on level 4 of the Dungeon)
 F - a +1 ring mail of willpower
   (You took it off an orc on level 5 of the Dungeon)
Jewellery
 C - a ring of resist corrosion (right hand)
   (You found it on level 9 of the Dungeon)
 L - an amulet of the acrobat (around neck)
   (You found it on level 6 of the Dungeon)
 S - a ring of see invisible (left hand)
   (You found it on level 8 of the Dungeon)
Wands
 d - a wand of iceblast (5)
   (You found it on level 5 of the Dungeon)
 f - a wand of flame (39)
   (You took it off Pikel on level 7 of the Dungeon)
 j - a wand of polymorph (5)
   (You found it on level 10 of the Dungeon)
Scrolls
 n - 2 scrolls of fear
 s - 2 scrolls of poison {!r}
 t - 5 scrolls of teleportation {@r4}
 v - 3 scrolls of noise {!r}
 D - 3 scrolls of vulnerability {!r}
 N - a scroll of blinking
 O - a scroll of summoning
 V - 4 scrolls of revelation
Potions
 g - 4 potions of heal wounds {@q2}
 k - 2 potions of resistance
 m - 5 potions of curing {@q1}
 q - 3 potions of haste {@q3}
 r - a potion of lignification {!q}
 B - 7 potions of enlightenment
 E - 2 potions of might
 G - a potion of ambrosia
 H - a potion of cancellation {unknown}
 J - a potion of invisibility
 P - 2 potions of mutation {!q}
Miscellaneous
 R - a condenser vane
   (You found it on level 9 of the Dungeon)


   Skills:
 + Level 12.1 Fighting
 * Level 16.4 Axes
 * Level 10.6 Ranged Weapons
 - Level 2.4 Armour
 - Level 2.1 Dodging
 + Level 3.8 Evocations


You had 11 spell levels left.
You didn't know any spells.
Your spell library was empty.

Dungeon Overview and Level Annotations

Branches:
Dungeon (10/15) Zot: 26038  Temple (0/1) D:4             Orc (2/2) D:9 Zot: 11396
Ossuary (visited)          Bailey (visited)
   Lair: D:8-11         Elf: Orc:2

Altars:
Ashenzari
Dithmenos
Elyvilon
Hepliaklqana
Kikubaaqudgha
Okawaru
Sif Muna
Trog
Uskayaw
Wu Jian
Yredelemnul
Zin

Shops:
D:1 ?[   Orc:2 [

Annotations:
D:4 1 runed translucent door, Crazy Yiuf
D:8 2 transporters
D:9 2 transporters, particleface's ghost, journeyman VSWr


Innate Abilities, Weirdness & Mutations

You have a pair of horns on your head.
You reflexively headbutt those who attack you in melee.


Message History

You feel your anger nearly subside.
You start resting.
You are no longer berserk.
You are exhausted.
You feel yourself slow down.
You start resting.
You feel yourself speed up.
You start resting.
You recover from your berserk rage.
Done exploring.
Your skin crawls.
You feel strong-willed.
You climb downwards.
The orc warrior hits you with a +0 war axe!
The ogre hits you with a +0 giant spiked club.
The orc warrior hits you with a +1 long sword of holy wrath!
The orc warlord hits you with a +0 great sword!
The orc warrior hits you with a +0 war axe!
There is a stone staircase leading up, spattered with blood here.
The orc warrior hits you with a +1 long sword of holy wrath.
The orc warlord barely misses you.
The ogre hits you with a +0 giant spiked club!
* * * LOW HITPOINT WARNING * * *
The orc warrior hits you with a +0 war axe!
* * * LOW HITPOINT WARNING * * *
You climb upwards.
You feel the effects of Trog's Hand fading.
There is a stone staircase leading down, spattered with blood here.
A red film seems to cover your vision as you go berserk!
You feel yourself moving faster!
You feel mighty!
The orc warlord roars a battlecry!
The orc warriors go into a battle-frenzy!
The orc warrior hits you with a +1 long sword of holy wrath!
* * * LOW HITPOINT WARNING * * *
The orc warrior hits you with a +0 war axe.
* * * LOW HITPOINT WARNING * * *
You slice the orc warlord!! You slash the ogre! You slash the orc warrior!
You closely miss the orc warrior.
The orc warlord hits you with a +0 great sword!
* * * LOW HITPOINT WARNING * * *
The ogre hits you with a +0 giant spiked club!
* * * LOW HITPOINT WARNING * * *
The orc warrior hits you with a +1 long sword of holy wrath!
* * * LOW HITPOINT WARNING * * *
You slash the orc warlord! You hit the ogre. You closely miss the orc warrior.
You hit the orc warrior.
The orc warrior hits you with a +0 war axe!
* * * LOW HITPOINT WARNING * * *
The orc warlord hits you with a +0 great sword!
You die...

########## ####
##.##.##..###..##
##...............#
##.#.....#........##
#..................#
##.#.....#...#....##
####....o.o......#
##......@<......# ###
####......[Oo.....##
##.###.##....#........##
#...#..............#...#####
##.##...........#........#.##
##.##...#........#.#........##
...........................#.##
##.#.........>...#.#..........#
#####..............##...#.##.##


You could see an orc warlord, 2 orc warriors and an ogre.

Vanquished Creatures
  An ogre mage (D:9)
  A death knight (D:9)
  2 two-headed ogres (D:9)
  2 orc knights
  Pikel (D:7)
  An orc sorcerer (D:9)
  A deep elf pyromancer (D:9)
  4 mutant beasts (D:7)
  Maggie (D:7)
  2 kobold demonologists (D:9)
  Jeremiah (D:7)
  3 trolls
  2 shadows (D:9)
  3 wyverns
  A yak (D:9)
  3 vampire mosquitoes (D:10)
  Menkaure (D:7)
  A warg (Orc:2)
  Edmund (D:4)
  A water moccasin (D:9)
  Duvessa (D:7)
  14 orc warriors
  An ice beast (D:6)
  4 sky beasts
  2 ogres (Orc:2)
  A centaur (D:9)
  3 phantoms
  5 kobold brigands
  6 scorpions
  2 bullfrogs
  2 necrophages (D:10)
  14 wights
  Dowan (D:7)
  23 killer bees
  3 howler monkeys
  4 centaur zombies (D:10)
  3 gnoll boudas
  5 hounds
  4 jellies
  7 orc priests
  A human zombie (D:10)
  6 iguanas
  2 sleepcaps
  15 orc wizards
  Terence (D:2)
  15 mummies
  Robin (D:4)
  12 gnolls
  5 adders
  3 ufetubi
  2 worms
  2 dart slugs
  52 orcs
  9 endoplasms
  3 giant cockroaches (D:1)
  13 hobgoblins
  6 jackals
  5 quokkas
  7 ball pythons
  7 bats
  3 frilled lizards (D:1)
  2 gnoll skeletons (Ossuary)
  23 goblins
  3 goblin skeletons (Ossuary)
  25 kobolds
  3 orc skeletons (Ossuary)
  9 rats
  11 rat skeletons (Ossuary)
  A spectral hobgoblin (D:5)
385 creatures vanquished.

Vanquished Creatures (others)
  A phantom (D:7)
1 creature vanquished.

Grand Total: 386 creatures vanquished

Notes
Turn   | Place    | Note
-------+----------+-------------------------------------------
     0 | D:1      | Pooter the Minotaur Berserker began the quest for the Orb.
     0 | D:1      | Reached XP level 1. HP: 19/19 MP: 0/0
    69 | D:1      | Found Futiuch's Magic Scroll Shop.
    77 | D:1      | Reached skill level 4 in Axes
    79 | D:1      | Reached XP level 2. HP: 27/27 MP: 1/1
    91 | D:1      | Found a faded altar of an unknown god.
   135 | D:1      | Bought a scroll of identify for 20 gold pieces
   199 | D:1      | Found Maceg's Antique Armour Shop.
   247 | D:1      | Reached ** piety under Trog
   399 | D:1      | Reached XP level 3. HP: 33/33 MP: 2/2
   913 | D:2      | Noticed Terence
   922 | D:2      | Killed Terence
   923 | D:2      | Reached skill level 5 in Axes
   923 | D:2      | Reached XP level 4. HP: 41/41 MP: 3/3
  1079 | D:1      | Bought 3 scrolls of identify for 60 gold pieces
  1128 | D:2      | Reached skill level 1 in Ranged Weapons
  1514 | D:3      | Reached XP level 5. HP: 47/47 MP: 4/4
  1594 | D:3      | Reached skill level 6 in Axes
  2223 | D:3      | Found an ornate altar of the Wu Jian Council.
  2267 | D:4      | Reached skill level 5 in Fighting
  2425 | D:4      | Found a staircase to the Ecumenical Temple.
  2428 | D:4      | Identified the +0 war axe "Imer Edios" {freeze, Int+5}
  2499 | D:1      | Bought a scroll of revelation for 75 gold pieces
  2598 | D:4      | Reached XP level 6. HP: 29/56 MP: 5/5
  2832 | D:4      | Reached skill level 7 in Axes
  2844 | D:4      | Found a runed translucent door.
  2845 | D:4      | Noticed Crazy Yiuf
  3165 | D:4      | Noticed Robin
  3178 | D:4      | Killed Robin
  3212 | D:4      | Reached *** piety under Trog
  3214 | D:4      | Noticed Edmund
  3221 | D:4      | Killed Edmund
  3222 | D:4      | Reached XP level 7. HP: 62/62 MP: 6/6
  3594 | D:5      | Entered Level 5 of the Dungeon
  3653 | D:5      | Reached skill level 8 in Axes
  3950 | D:5      | Found a hazy altar of Hepliaklqana.
  4076 | D:5      | Found a shadowy altar of Dithmenos.
  4158 | D:5      | Found a bloodstained altar of Trog.
  4281 | D:5      | Reached skill level 9 in Axes
  4281 | D:5      | Reached XP level 8. HP: 53/71 MP: 7/7
  4629 | D:6      | Found an iron altar of Okawaru.
  4629 | D:6      | Found a white marble altar of Elyvilon.
  4655 | D:6      | Reached skill level 5 in Ranged Weapons
  4756 | D:6      | Reached skill level 10 in Axes
  4757 | D:6      | Reached **** piety under Trog
  4974 | D:6      | Reached XP level 9. HP: 58/81 MP: 8/8
  5316 | D:7      | Found an ancient bone altar of Kikubaaqudgha.
  5319 | D:7      | Noticed Dowan
  5320 | D:7      | Noticed Duvessa
  5325 | D:7      | Noticed a juvenile shockweird beast
  5332 | D:7      | Killed a juvenile shockweird beast
  5333 | D:7      | Reached skill level 11 in Axes
  5338 | D:7      | Noticed Pikel
  5358 | D:7      | Killed Pikel
  5359 | D:7      | Reached skill level 12 in Axes
  5378 | D:7      | Found a sand-covered staircase.
  5383 | Ossuary  | Entered an ossuary
  5463 | Ossuary  | Identified a scroll of acquirement
  5464 | Ossuary  | Acquired 973 gold pieces
  5826 | D:7      | Noticed Menkaure
  5830 | D:7      | Killed Menkaure
  5883 | D:7      | Noticed Jeremiah
  5899 | D:7      | Killed Jeremiah
  5967 | D:7      | Killed Duvessa
  5968 | D:7      | Reached XP level 10. HP: 91/91 MP: 9/9
  5968 | D:7      | Killed Dowan
  6206 | D:7      | Noticed Maggie
  6220 | D:7      | Killed Maggie
  6221 | D:7      | Reached skill level 13 in Axes
  6637 | D:1      | Bought a scroll of revelation for 75 gold pieces
  6637 | D:1      | Bought a scroll of blinking for 75 gold pieces
  6637 | D:1      | Bought a scroll of summoning for 95 gold pieces
  6637 | D:1      | Bought a scroll of immolation for 40 gold pieces
  6755 | D:8      | Noticed a tengu warrior
  7573 | D:8      | Reached skill level 10 in Fighting
  7774 | D:8      | Found a transporter.
  7778 | D:8      | Found a transporter.
  7778 | D:8      | Noticed a boulder beetle
  7790 | D:8      | Found a broken altar of Ashenzari.
  7791 | D:8      | Found a glowing silver altar of Zin.
  7914 | D:9      | Found a staircase to the Orcish Mines.
  7922 | Orc:1    | Entered Level 1 of the Orcish Mines
  8133 | Orc:2    | Entered Level 2 of the Orcish Mines
  8133 | Orc:2    | Found Remnugat's Armour Boutique.
  8221 | Orc:2    | Noticed an orc warlord
  8236 | D:9      | Reached skill level 14 in Axes
  8412 | D:9      | Noticed an orc sorcerer
  8417 | D:9      | Noticed a rust devil
  8420 | D:9      | Noticed a deep elf pyromancer
  8424 | D:9      | Killed an orc sorcerer
  8431 | D:9      | Killed a deep elf pyromancer
  8432 | D:9      | Reached XP level 11. HP: 101/101 MP: 10/10
  8606 | D:9      | Found a transporter.
  8606 | D:9      | Noticed particleface's ghost (journeyman VSWr)
  8606 | D:9      | Noticed a two-headed ogre
  8620 | D:9      | Found a transporter.
  8623 | D:9      | Noticed a two-headed ogre
  8631 | D:9      | Killed a two-headed ogre
  8632 | D:9      | Reached skill level 15 in Axes
  8632 | D:9      | Reached skill level 1 in Evocations
  8694 | D:9      | Noticed a two-headed ogre
  8703 | D:9      | Killed a two-headed ogre
  8876 | D:9      | Noticed an orc knight
  8883 | D:9      | Killed an orc knight
  9076 | D:9      | Found the +7 great mace "Undeadhunter" {deathbane, rN+}
  9154 | D:9      | Identified the +10 dire flail of Ynlohor {heavy, rF+}
  9154 | D:9      | Identified the +6 giant club of Reloz {freeze, Str+2 Int+3
                  | Stlth+}
  9154 | D:9      | Noticed a two-headed ogre
  9156 | D:9      | Noticed a two-headed ogre
  9175 | D:9      | Noticed a sun demon
  9531 | D:9      | Found a shimmering blue altar of Sif Muna.
  9655 | D:9      | Noticed a death knight
  9658 | D:9      | Noticed a +0 short sword
  9659 | D:9      | Noticed a +0 dagger
  9660 | D:9      | Noticed a +0 short sword
  9660 | D:9      | Noticed a +0 spear
  9660 | D:9      | Noticed a +0 falchion
  9661 | D:9      | Noticed a +0 spear
  9661 | D:9      | Noticed a +0 falchion
  9661 | D:9      | Noticed a +0 dagger
  9663 | D:9      | Found a hide-covered altar of Uskayaw.
  9685 | D:9      | Killed a death knight
  9840 | D:9      | Upgraded the game from 0.31-a0-845-g9abc20d24f to
                  | 0.31-a0-846-gb3bcc0d938
  9899 | D:9      | Noticed an ogre mage
  9910 | D:9      | Killed an ogre mage
  9911 | D:9      | Reached skill level 10 in Ranged Weapons
 10096 | D:10     | Entered Level 10 of the Dungeon
 10131 | D:10     | Reached skill level 16 in Axes
 10427 | D:10     | Found a flagged portal.
 10444 | Bailey   | Entered a bailey
 12946 | D:10     | Found a basalt altar of Yredelemnul.
 13027 | D:10     | Reached XP level 12. HP: 106/112 MP: 11/11
 13453 | Orc:1    | HP: 8/168 [orc warrior/+0 war axe (15)]
 13453 | Orc:1    | Mangled by an orc warlord

Illustrated notes

Levels and vault maps discovered:
D:1:      tarquinn_simple_flora_water_f, layout_basic, serial_shops, shop, shop,
          ebering_ecumenical_altar_petrified, st_stairs_11,
          chequers_serial_rivers_small_b
D:2:      layout_rooms, uniq_terence
D:3:      minmay_general_purpose_star, layout_basic, general_overflow_altar,
          chequers_serial_rivers_micro_e
D:4:      corexii_shack_village, layout_rooms, minmay_temple_entry_offerings,
          uniq_edmund, uniq_robin, uniq_crazy_yiuf_cottage
D:5:      layout_basic, nicolae_dithmenos_through_a_glass_darkly,
          mainiacjoe_overflow_surrounded_room,
          nicolae_hepliaklqana_monster_ancestors, nicolae_houndstooth_variations
D:6:      layout_basic, gammafunk_temple_overflow_elements,
          minmay_fractal_squares_diagonal_5
D:7:      layout_cave_pools, mainiacjoe_overflow_concentric_impassable,
          enter_ossuary_2, nicolae_beast_mode, uniq_menkaure, uniq_jeremiah,
          uniq_duvessa, uniq_pikel, uniq_maggie
D:8:      layout_basic, gammafunk_temple_overflow_arena
D:9:      minmay_the_grid_net [minmay_the_grid_embedded,
          minmay_the_grid_tri_star, minmay_the_grid_rooms, minmay_the_grid_tree,
          minmay_the_grid_armoury, minmay_the_grid_prize_diamond_cup],
          layout_rooms, tgw_sif, nicolae_uskayaw_en_pointe,
          minmay_orc_entry_temple_small, gammafunk_ghost_smash
D:10:     layout_loops_ring, lemuel_mausoleum_altar_yredelemnul, enter_bailey_4
Orc:1:    layout_caves, serial_shops, nicolae_shop_tiny_real_fake_doors
Orc:2:    grunt_orc_gardens, layout_diamond_mine, grunt_orc_garden,
          grunt_orc_garden, grunt_orc_garden, grunt_orc_garden, serial_shops,
          shop, basic_altar, minmay_orc_keep

Skill      XL: |  1  2  3  4  5  6  7  8  9 10 11 |
---------------+----------------------------------+-----
Axes           | 4 5 6 7 9 10 12 14 16 | 16.4
Fighting       | 4 5 6 7 9 10 12 | 12.1
Ranged Weapons | 1 2 3 4 6 7 9 10 | 10.6
Evocations     | 3 |  3.8
Armour         | |  2.4
Dodging        | |  2.1

Action                     |  1- 3 |  4- 6 |  7- 9 | 10-12 || total
---------------------------+-------+-------+-------+-------++-------
  Melee: Hand axe          |    48 |   100 |   139 |       ||   287
         Headbutt          |     8 |    12 |    30 |    60 ||   110
         Whip              |    25 |       |       |       ||    25
         Punch             |       |     1 |     2 |     2 ||     5
         War axe           |       |       |    96 |   120 ||   216
         Battleaxe         |       |       |       |   153 ||   153
         Great mace        |       |       |       |    27 ||    27
   Fire: Sling             |     3 |    64 |    14 |    28 ||   109
         Arbalest          |       |       |       |    56 ||    56
  Throw: Dart              |       |     2 |     6 |    10 ||    18
 Invoke: Berserk           |     2 |     7 |     5 |    15 ||    29
         Trog's Hand       |     1 |     6 |     6 |    16 ||    29
  Evoke: Wand              |       |       |    10 |     2 ||    12
    Use: Scroll            |     1 |     5 |    12 |    15 ||    33
         Potion            |       |       |     1 |     4 ||     5
   Stab: Sleeping          |     1 |       |       |       ||     1
 Armour: Animal skin       |    41 |       |       |       ||    41
         Chain mail        |       |    82 |    30 |       ||   112
         Ring mail         |       |       |   169 |    67 ||   236
         Plate armour      |       |       |       |   215 ||   215
  Dodge: Dodged            |    48 |    50 |   131 |   180 ||   409

Table legend: (Time is in decaauts)
 A = Elapsed time spent in this place.
 B = Non-inter-level travel time spent in this place.
 C = Inter-level travel time spent in this place.
 D = Time resting spent in this place.
 E = Time spent auto-exploring this place.
 F = Levels seen in this place.
 G = Mean time per level.
                   A        B        C        D        E       F      G
               +--------+--------+--------+--------+--------+-----+--------+
         Total |  13837 |  12970 |    867 |   4783 |   5146 |  14 |  988.4 |
       Dungeon |  10674 |   9811 |    863 |   2716 |   4734 |  10 | 1067.4 |
  Orcish Mines |    603 |    600 |      3 |    225 |    177 |   2 |  301.5 |
       Ossuary |    427 |    427 |      0 |    106 |    122 |   1 |  427.0 |
        Bailey |   2131 |   2131 |      0 |   1736 |    113 |   1 | 2131.0 |
               +--------+--------+--------+--------+--------+-----+--------+

Top non-repeatable levels by time:
  Bailey: 2131 daAuts
     D:9: 2021 daAuts
     D:4: 1240 daAuts
     D:8: 1127 daAuts
     D:5: 1063 daAuts
     D:3: 980 daAuts
     D:1: 948 daAuts
    D:10: 942 daAuts
     D:6: 811 daAuts
     D:7: 810 daAuts
     D:2: 729 daAuts
   Orc:1: 496 daAuts
 Ossuary: 427 daAuts
   Orc:2: 106 daAuts
